 Dungeon Crawl Stone Soup version 0.30-a0-272-gf98c3da03f (webtiles) character file.

Game seed: 15687808091892163936

8628 qw the Cleaver (level 11, -1/71 HPs)
             Began as a Gargoyle Fighter on Oct 15, 2022.
             Was a Believer of Okawaru.
             Slain by a cyan ugly thing (4 damage)
             ... on level 11 of the Dungeon.
             The game lasted 00:03:39 (9308 turns).

qw the Cleaver (Gargoyle Fighter)                   Turns: 9308, Time: 00:03:39

Health: -1/71      AC: 29    Str: 24    XL:     11   Next: 33%
Magic:  14/14      EV:  9    Int:  9    God:    Okawaru [**....]
Gold:   667        SH:  6    Dex:  9    Spells: 10/10 levels left

rFire   + . .      SeeInvis +    Y - +2 war axe (venom)
rCold   + . .      Faith    .    c - +0 buckler
rNeg    + + .      Spirit   .    s - +0 plate armour
rPois   inf        Reflect  .    f - +0 helmet "Izoywkij" {rCorr Stlth+}
rElec   +          Harm     .    t - scarf {rC+ rF+}
rCorr   +          Rampage  .    i - +2 pair of gloves
Will    .....                    (no boots)
Stlth   ..........               (no amulet)
HPRegen 0.31/turn                l - ring of positive energy
MPRegen 0.14/turn                j - ring of see invisible

@: about to teleport, heroic, slowed, very slow
A: sickness immunity, AC +8, negative energy resistance 1, electricity
resistance, torment resistance 1, petrification resistance, fangs 1, talons 1
a: Renounce Religion, Heroism


You were on level 11 of the Dungeon.
You worshipped Okawaru.
Okawaru was pleased with you.
You visited 2 branches of the dungeon, and saw 12 of its levels.

You collected 821 gold pieces.
You spent 154 gold pieces at shops.


Innate Abilities, Weirdness & Mutations

You are immune to sickness and miasma.
Your stone body is resilient. (AC +8)
You are immune to poison.
You resist negative energy. (rN+)
You are resistant to electric shocks. (rElec)
You are resistant to unholy torment.
You are immune to petrification.
You have very sharp teeth.
You have sharp toenails.


   Skills:
 - Level 9.0(14.0) Fighting
 + Level 11.3(16.3) Axes
 - Level 4.0(9.0) Throwing
 - Level 8.0(13.0) Armour
 - Level 1.1(6.1) Dodging
 - Level 5.0(10.0) Shields
 - Level 4.2 Invocations


You had 10 spell levels left.
You didn't know any spells.
Your spell library was empty.

Inventory:

Hand Weapons
 x - a +4 morningstar of freezing
 Y - a +2 war axe of venom (weapon)
Missiles
 a - 12 boomerangs
 g - a silver javelin
 n - 4 javelins (quivered)
 w - a silver boomerang
Armour
 c - a +0 buckler (worn)
 f - the +0 helmet "Izoywkij" (worn) {rCorr Stlth+}
   (You acquired it on level 1 of the Dungeon)

   rCorr:     It protects you from acid and corrosion.
   Stlth:     It makes you more stealthy.
 i - a +2 pair of gloves (worn)
 k - a +0 cloak
 q - +0 acid dragon scales
 s - a +0 plate armour (worn)
 t - a scarf of resistance (worn)
Jewellery
 j - a ring of see invisible (right hand)
 l - a ring of positive energy (left hand)
 m - a ring of ice
Scrolls
 o - 5 scrolls of teleportation
 u - a scroll of identify
Potions
 b - a potion of cancellation
 d - 2 potions of might
 e - a potion of curing
 h - 3 potions of mutation
 p - 2 potions of attraction
 r - a potion of magic {unknown}
 v - a potion of lignification
 z - a potion of flight {unknown}

Dungeon Overview and Level Annotations

Branches:
Dungeon (11/15)            Temple (1/1) D:7
   Lair: D:8-11         Orc: D:9-12

Altars:
Ashenzari
Cheibriados
Dithmenos
Elyvilon
Fedhas
Gozag
Hepliaklqana
Kikubaaqudgha
Makhleb
Nemelex Xobeh
Okawaru
Qazlal
Ru
Sif Muna
Trog
Uskayaw
Vehumet
Wu Jian
Xom
Yredelemnul
Zin
The Shining One

Shops:
D:1 *   D:4 *

Annotations:
D:5 3 transporters, qwqw's ghost, amateur DsFi


Message History

The orc warrior hits you with a +0 dire flail.
The shadow hits you.
The cyan ugly thing trunk-slaps you but does no damage.
You hit the shadow.
You destroy the shadow!
Okawaru accepts your kill.
You hit the orc warrior but do no damage.
The orc warrior looks as sick as possible!
You closely miss the cyan ugly thing.
You hit the two-headed ogre but do no damage.
The two-headed ogre is poisoned.
The orc warrior hits you but does no damage.
You hit the orc warrior.
The orc warrior looks as sick as possible!
The orc warrior is almost dead.
You hit the wraith but do no damage. You slash the cyan ugly thing!
You hit the two-headed ogre. The cyan ugly thing barely misses you.
The two-headed ogre hits you but does no damage.
You block the two-headed ogre's attack.
You hit the orc warrior.
The orc warrior looks as sick as possible!
You claw the orc warrior, but do no damage.
The orc warrior is almost dead.
You slash the two-headed ogre!
The two-headed ogre looks as sick as possible!
You barely miss the wraith. You slash the cyan ugly thing!
The cyan ugly thing looks as sick as possible!
You kill the orc warrior!
Okawaru accepts your kill. You block the wraith's attack.
The cyan ugly thing trunk-slaps you but does no damage.
You closely miss the cyan ugly thing. Your kick misses the cyan ugly thing.
The cyan ugly thing is almost dead.
You slash the two-headed ogre! You hit the wraith but do no damage.
The wraith hits you! The wraith drains your vigour!
You feel yourself slow down.
The two-headed ogre hits you but does no damage.
The two-headed ogre misses you. The cyan ugly thing trunk-slaps you.
The cyan ugly thing shocks you. You resist.
You die...

#!#.......#
#.#.......#
#.#......#
#.......# .
#......#####..
#............
#)OW........
#.#@.........
#u..<.......
#.#..........
#.#...........
#.#............
#.#.............
#.#..............
^................
........./......


You could see a cyan ugly thing (extremely poisoned), a two-headed ogre
(extremely poisoned) and a wraith.

Vanquished Creatures
  A kobold demonologist (D:9)
  A troll (D:9)
  Sigmund (D:4)
  3 wyverns
  2 shadows
  A wraith (D:10)
  A basilisk (D:11)
  12 yaks
  A steam dragon (D:9)
  2 acid dragons
  2 water moccasins
  Duvessa (D:6)
  A black bear (D:5)
  A sky beast (D:7)
  4 ice beasts
  5 orc warriors
  2 ogres
  3 centaurs
  A phantom (D:5)
  Blork the orc (D:6)
  2 kobold brigands
  2 bullfrogs
  3 necrophages
  2 gnoll sergeants
  4 scorpions
  7 wights
  Dowan (D:6)
  6 killer bees (D:10)
  5 howler monkeys
  6 crimson imps (D:10)
  4 hounds
  9 orc priests
  Jessica (D:2)
  9 orc wizards
  Terence (D:2)
  5 iguanas
  5 gnolls
  7 adders
  4 shadow imps
  4 white imps
  2 ufetubi (D:5)
  4 worms
  4 dart slugs
  58 orcs
  4 ball pythons
  6 endoplasms
  6 giant cockroaches
  11 goblins
  7 hobgoblins
  3 jackals (D:5)
  5 quokkas
  4 bats
  7 frilled lizards
  9 kobolds
  A rat (D:1)
  A spectral orc (D:7)
265 creatures vanquished.

Vanquished Creatures (others)
  5 fungi (D:2)
  4 toadstools (D:2)
9 creatures vanquished.

Grand Total: 274 creatures vanquished

Notes
Turn   | Place    | Note
-------+----------+-------------------------------------------
     0 | D:1      | qw the Gargoyle Fighter began the quest for the Orb.
     0 | D:1      | Reached XP level 1. HP: 14/14 MP: 1/1
     0 | D:1      | 0 ||| qw: Version: 0.2-a-19-gadd0ef8
     0 | D:1      | 0 ||| qw: Game counter: 5
     0 | D:1      | 0 ||| qw: Always use a shield: true
     0 | D:1      | 0 ||| qw: God list: Okawaru
     0 | D:1      | 0 ||| qw: Allow faded altars: false
     0 | D:1      | 0 ||| qw: Do Orc after D:15 true
     0 | D:1      | 0 ||| qw: Do second Lair branch before Depths: true
     0 | D:1      | 0 ||| qw: Lair rune preference: random
     0 | D:1      | 0 ||| qw: Plans: Normal, Zot:1-4, God:TSO, Crypt, Tomb,
                  | Pan, Slime:5, Hells, Abyss, Orb
     0 | D:1      | 0 ||| PLANNING D:1-11
    85 | D:1      | 85 ||| Stepping ~*~*~tactically~*~*~ (stealth).
    89 | D:1      | Reached skill level 2 in Axes
   103 | D:1      | Reached XP level 2. HP: 19/19 MP: 2/2
   124 | D:1      | 124 ||| DROPPING +0 whip.
   187 | D:1      | Found Effuaz's Assorted Antiques.
   195 | D:1      | 195 ||| SHOPLISTING amethyst potion (14 gold, have 9).
   195 | D:1      | 195 ||| SHOPLISTING ruby potion (14 gold, have 9).
   195 | D:1      | 195 ||| SHOPLISTING scroll labelled AFI PYGAOSASS (16 gold,
                  | have 9).
   195 | D:1      | 195 ||| SHOPLISTING scroll labelled UFEAKK LUWANN (16 gold,
                  | have 9).
   195 | D:1      | 195 ||| SHOPLISTING sedimented emerald potion (14 gold,
                  | have 9).
   195 | D:1      | 195 ||| SHOPLISTING white potion (14 gold, have 9).
   219 | D:1      | Reached skill level 3 in Axes
   223 | D:1      | Reached XP level 3. HP: 23/23 MP: 3/3
   735 | D:1      | 735 ||| READING 2 scrolls labelled EWIC DIYSSUAR.
   736 | D:1      | 736 ||| READING scroll labelled EDAPNA INWY.
   736 | D:1      | Identified a scroll of acquirement
   736 | D:1      | 736 ||| ACQUIRING +0 helmet "Izoywkij" {rCorr Stlth+}
   736 | D:1      | Acquired the +0 helmet "Izoywkij" {rCorr Stlth+}
   738 | D:1      | 738 ||| UPGRADING to +0 helmet "Izoywkij" {rCorr Stlth+}.
   743 | D:1      | 743 ||| READING scroll labelled RAPUNA GULU.
   744 | D:1      | 744 ||| READING scroll labelled UFEAKK LUWANN.
   748 | D:1      | 748 ||| READING scroll labelled SOOGIE LYZI.
   749 | D:1      | 749 ||| DRINKING 2 fizzy emerald potions.
   750 | D:1      | 750 ||| DROPPING scroll of amnesia.
   987 | D:2      | Found a faded altar of an unknown god.
  1050 | D:2      | 1050 ||| Stepping ~*~*~tactically~*~*~ (stealth).
  1131 | D:2      | Noticed Jessica
  1136 | D:2      | Killed Jessica
  1137 | D:2      | Reached skill level 4 in Axes
  1137 | D:2      | Reached XP level 4. HP: 26/28 MP: 4/4
  1234 | D:2      | Noticed Terence
  1244 | D:2      | Killed Terence
  1246 | D:2      | 1246 ||| FLEEEEING.
  1247 | D:2      | 1247 ||| FLEEEEING.
  1446 | D:2      | 1446 ||| Stepping ~*~*~tactically~*~*~ (stealth).
  1537 | D:2      | Reached XP level 5. HP: 32/32 MP: 5/5
  1974 | D:2      | 1974 ||| UPGRADING to +0 cloak.
  1979 | D:2      | 1979 ||| UPGRADING to ring of positive energy.
  1980 | D:2      | 1980 ||| READING 2 scrolls labelled WAWKYAKOOD.
  1981 | D:2      | 1981 ||| READING scroll labelled EMEOLI SUXAETOU.
  1982 | D:2      | 1982 ||| READING scroll labelled YNUKHL ONAIDGHY.
  1983 | D:2      | 1983 ||| DRINKING 2 cyan potions.
  2084 | D:2      | 2084 ||| DROPPING scroll of fear.
  2085 | D:2      | 2085 ||| DROPPING potion of ambrosia.
  2254 | D:3      | You fall into a shaft and drop 1 floor!
  2322 | D:4      | Reached skill level 5 in Axes
  2507 | D:4      | Reached XP level 6. HP: 26/39 MP: 6/6
  2586 | D:4      | 2586 ||| Stepping ~*~*~tactically~*~*~ (stealth).
  2691 | D:4      | 2691 ||| UPGRADING to +0 pair of gloves.
  2696 | D:4      | 2696 ||| UPGRADING to amulet of guardian spirit.
  2701 | D:4      | 2701 ||| READING scroll labelled YNUILIA YPSYW.
  2702 | D:4      | 2702 ||| READING 3 scrolls labelled SIS XECSEENE.
  2703 | D:4      | 2703 ||| DROPPING +0 flail.
  2704 | D:4      | 2704 ||| READING 2 scrolls of brand weapon.
  2704 | D:4      | 2704 ||| BRANDING +1 war axe of flaming.
  2705 | D:4      | 2705 ||| READING scroll of brand weapon.
  2705 | D:4      | 2705 ||| BRANDING +1 war axe of freezing.
  2706 | D:4      | 2706 ||| READING scroll labelled PECIAG RISAJ.
  2723 | D:3      | Reached skill level 1 in Dodging
  2796 | D:3      | 2796 ||| READING scroll of enchant armour.
  2796 | D:3      | 2796 ||| ENCHANTING +0 pair of gloves.
  2983 | D:3      | 2983 ||| READING scroll labelled VEPINTABIUP.
  2984 | D:3      | 2984 ||| DRINKING 3 amethyst potions.
  2984 | D:3      | Gained mutation: You have very sharp teeth. [potion of
                  | mutation]
  2984 | D:3      | Gained mutation: You have sharp toenails. [potion of
                  | mutation]
  3092 | D:4      | Found Qiumaz Sicuu's Fire Supplies.
  3100 | D:4      | Noticed Sigmund
  3120 | D:4      | Killed Sigmund
  3121 | D:4      | Reached skill level 6 in Axes
  3121 | D:4      | Reached XP level 7. HP: 39/44 MP: 4/7
  3162 | D:4      | 3162 ||| SHOPLISTING +0 plate armour of fire resistance
                  | (420 gold, have 229).
  3162 | D:4      | 3162 ||| BUYING +0 ring mail of fire resistance (154 gold).
  3162 | D:4      | Bought a +0 ring mail of fire resistance for 154 gold
                  | pieces
  3162 | D:4      | 3162 ||| SHOPLISTING ring of fire (350 gold, have 75).
  3162 | D:4      | 3162 ||| SHOPLISTING ring of protection from fire (350
                  | gold, have 75).
  3427 | D:4      | 3427 ||| UPGRADING to +0 ring mail of fire resistance.
  3478 | D:5      | Entered Level 5 of the Dungeon
  3478 | D:5      | Found a shimmering blue altar of Sif Muna.
  3485 | D:5      | 3485 ||| FLEEEEING.
  3486 | D:5      | 3486 ||| FLEEEEING.
  3487 | D:5      | 3487 ||| FLEEEEING.
  3488 | D:5      | 3488 ||| STAIRDANCE
  3548 | D:5      | 3548 ||| DRINKING 4 potions of curing.
  3548 | D:5      | 3548 ||| (to cure confusion)
  3550 | D:5      | Reached skill level 7 in Axes
  3554 | D:5      | 3554 ||| DRINKING 3 potions of curing.
  3554 | D:5      | 3554 ||| (to cure confusion)
  3618 | D:5      | 3618 ||| Stepping ~*~*~tactically~*~*~ (stealth).
  3619 | D:5      | 3619 ||| Stepping ~*~*~tactically~*~*~ (stealth).
  3630 | D:5      | 3630 ||| Stepping ~*~*~tactically~*~*~ (stealth).
  3632 | D:5      | 3632 ||| Stepping ~*~*~tactically~*~*~ (stealth).
  3672 | D:5      | Reached XP level 8. HP: 49/49 MP: 8/8
  3679 | D:5      | 3679 ||| Stepping ~*~*~tactically~*~*~ (stealth).
  3681 | D:5      | 3681 ||| Stepping ~*~*~tactically~*~*~ (stealth).
  3699 | D:5      | Found a transporter.
  3773 | D:5      | Found a transporter.
  3781 | D:5      | 3781 ||| READING scroll of enchant weapon.
  3781 | D:5      | 3781 ||| ENCHANTING +1 war axe of venom.
  3963 | D:5      | Found a transporter.
  3965 | D:5      | Noticed qwqw's ghost (amateur DsFi)
  4072 | D:5      | Reached skill level 1 in Throwing
  4083 | D:5      | Reached skill level 8 in Axes
  4192 | D:5      | 4192 ||| UPGRADING to scarf of resistance.
  4202 | D:5      | 4202 ||| UPGRADING to +0 scale mail.
  4212 | D:5      | 4212 ||| DROPPING ring of flight.
  4213 | D:5      | 4213 ||| READING scroll labelled AFI PYGAOSASS.
  4234 | D:6      | 4234 ||| Stepping ~*~*~tactically~*~*~ (hiding).
  4236 | D:6      | 4236 ||| Stepping ~*~*~tactically~*~*~ (hiding).
  4362 | D:6      | Reached skill level 6 in Fighting
  4432 | D:6      | Found a snail-covered altar of Cheibriados.
  4436 | D:6      | 4436 ||| Stepping ~*~*~tactically~*~*~ (hiding).
  4439 | D:6      | 4439 ||| Stepping ~*~*~tactically~*~*~ (hiding).
  4486 | D:6      | 4486 ||| DROPPING +0 club.
  4531 | D:6      | 4531 ||| DROPPING +4 mace.
  4562 | D:6      | Reached skill level 9 in Axes
  4562 | D:6      | Reached XP level 9. HP: 43/55 MP: 7/9
  4568 | D:6      | Reached skill level 3 in Throwing
  4690 | D:6      | Noticed Blork the orc
  4696 | D:6      | Noticed Duvessa
  4702 | D:6      | Killed Blork the orc
  4707 | D:6      | Killed Duvessa
  4717 | D:6      | Noticed Dowan
  4718 | D:6      | 4718 ||| Stepping ~*~*~tactically~*~*~ (stealth).
  4723 | D:6      | 4723 ||| Stepping ~*~*~tactically~*~*~ (stealth).
  4724 | D:6      | 4724 ||| Stepping ~*~*~tactically~*~*~ (stealth).
  4737 | D:6      | 4737 ||| Stepping ~*~*~tactically~*~*~ (stealth).
  4811 | D:6      | 4811 ||| Stepping ~*~*~tactically~*~*~ (stealth).
  4812 | D:6      | 4812 ||| Stepping ~*~*~tactically~*~*~ (stealth).
  4813 | D:6      | 4813 ||| Stepping ~*~*~tactically~*~*~ (stealth).
  4820 | D:6      | 4820 ||| Stepping ~*~*~tactically~*~*~ (hiding).
  4826 | D:6      | Killed Dowan
  5211 | D:6      | 5211 ||| DROPPING +0 ring mail of fire resistance.
  5212 | D:6      | 5212 ||| UPGRADING to +0 plate armour.
  5222 | D:6      | 5222 ||| DROPPING +0 scale mail.
  5223 | D:6      | 5223 ||| READING scroll labelled XIS LAIGGI.
  5224 | D:6      | 5224 ||| DROPPING potion of brilliance.
  5259 | D:7      | 5259 ||| Stepping ~*~*~tactically~*~*~ (hiding).
  5373 | D:7      | 5373 ||| Stepping ~*~*~tactically~*~*~ (stealth).
  5375 | D:7      | 5375 ||| Stepping ~*~*~tactically~*~*~ (stealth).
  5384 | D:7      | 5384 ||| Stepping ~*~*~tactically~*~*~ (hiding).
  5386 | D:7      | 5386 ||| Stepping ~*~*~tactically~*~*~ (hiding).
  5387 | D:7      | 5387 ||| Stepping ~*~*~tactically~*~*~ (hiding).
  5452 | D:7      | Found a staircase to the Ecumenical Temple.
  5453 | D:7      | 5453 ||| PLANNING TEMPLE
  5453 | D:7      | 5453 ||| DRINKING 2 clear potions.
  5501 | Temple   | Entered the Ecumenical Temple
  5645 | Temple   | 5645 ||| PLANNING D:1-11
  5929 | D:7      | 5929 ||| Stepping ~*~*~tactically~*~*~ (stealth).
  5932 | D:7      | 5932 ||| Stepping ~*~*~tactically~*~*~ (hiding).
  6069 | D:7      | 6069 ||| Stepping ~*~*~tactically~*~*~ (hiding).
  6169 | D:7      | Found a basalt altar of Yredelemnul.
  6282 | D:7      | 6282 ||| READING 2 scrolls of identify.
  6282 | D:7      | 6282 ||| IDENTIFYING fuming brown potion
  6490 | D:8      | 6490 ||| Stepping ~*~*~tactically~*~*~ (stealth).
  6493 | D:8      | 6493 ||| Stepping ~*~*~tactically~*~*~ (stealth).
  6495 | D:8      | 6495 ||| Stepping ~*~*~tactically~*~*~ (hiding).
  6510 | D:8      | Reached skill level 6 in Armour
  6512 | D:8      | HP: 12/57 [gnoll sergeant/+0 spear (6)]
  6513 | D:8      | 6513 ||| READING 5 scrolls of teleportation.
  6515 | D:8      | HP: 2/57 [gnoll sergeant/+0 spear (5)]
  6770 | D:8      | 6770 ||| Stepping ~*~*~tactically~*~*~ (stealth).
  6777 | D:8      | Reached XP level 10. HP: 63/63 MP: 10/10
  7138 | D:8      | Reached skill level 10 in Axes
  7222 | D:8      | Found an ornate altar of the Wu Jian Council.
  7222 | D:8      | Found a bloodstained altar of Trog.
  7227 | D:8      | Found an iron altar of Okawaru.
  7228 | D:8      | 7228 ||| PLANNING OKAWARU WORSHIP
  7228 | D:8      | 7228 ||| READING scroll labelled HOIDOPHU UBAH.
  7264 | D:8      | Became a worshipper of Warmaster Okawaru
  7265 | D:8      | 7265 ||| PLANNING D:1-11
  7265 | D:8      | 7265 ||| REMOVING amulet of guardian spirit.
  7350 | D:8      | 7350 ||| READING scroll of enchant armour.
  7350 | D:8      | 7350 ||| ENCHANTING +1 pair of gloves.
  7372 | D:8      | 7372 ||| DROPPING amulet of guardian spirit.
  7390 | D:9      | 7390 ||| Stepping ~*~*~tactically~*~*~ (hiding).
  7445 | D:9      | 7445 ||| READING scroll of acquirement.
  7445 | D:9      | 7445 ||| ACQUIRING ring of see invisible
  7445 | D:9      | Acquired a ring of see invisible
  7447 | D:9      | 7447 ||| UPGRADING to ring of see invisible.
  7491 | D:9      | Reached * piety under Okawaru
  7532 | D:9      | 7532 ||| Stepping ~*~*~tactically~*~*~ (hiding).
  7533 | D:9      | 7533 ||| Stepping ~*~*~tactically~*~*~ (hiding).
  7535 | D:9      | 7535 ||| Stepping ~*~*~tactically~*~*~ (hiding).
  7560 | D:9      | 7560 ||| Stepping ~*~*~tactically~*~*~ (stealth).
  7562 | D:9      | 7562 ||| Stepping ~*~*~tactically~*~*~ (stealth).
  7564 | D:9      | 7564 ||| INVOKING Heroism.
  7569 | D:9      | Reached skill level 1 in Invocations
  7613 | D:9      | 7613 ||| INVOKING Heroism.
  7627 | D:9      | Reached skill level 3 in Invocations
  7690 | D:9      | 7690 ||| Stepping ~*~*~tactically~*~*~ (stealth).
  7692 | D:9      | 7692 ||| Stepping ~*~*~tactically~*~*~ (hiding).
  7750 | D:9      | 7750 ||| INVOKING Heroism.
  7758 | D:9      | 7758 ||| DRINKING 2 potions of curing.
  7758 | D:9      | 7758 ||| (to cure confusion)
  7955 | D:9      | Noticed a kobold demonologist
  7957 | D:9      | Noticed a rust devil
  7959 | D:9      | 7959 ||| Stepping ~*~*~tactically~*~*~ (stealth).
  7961 | D:9      | 7961 ||| INVOKING Heroism.
  7962 | D:9      | Killed a kobold demonologist
  8181 | D:9      | 8181 ||| READING 2 scrolls of identify.
  8181 | D:9      | 8181 ||| IDENTIFYING silvery potion
  8206 | D:10     | Entered Level 10 of the Dungeon
  8211 | D:10     | Found a flagged portal.
  8212 | D:10     | 8212 ||| Stepping ~*~*~tactically~*~*~ (stealth).
  8214 | D:10     | 8214 ||| Stepping ~*~*~tactically~*~*~ (stealth).
  8216 | D:10     | 8216 ||| INVOKING Heroism.
  8268 | D:10     | 8268 ||| Stepping ~*~*~tactically~*~*~ (hiding).
  8273 | D:10     | 8273 ||| INVOKING Heroism.
  8277 | D:10     | 8277 ||| Stepping ~*~*~tactically~*~*~ (stealth).
  8289 | D:10     | Reached skill level 11 in Axes
  8336 | D:10     | Identified the +7 rapier of Disaster {antimagic, Stlth+}
  8433 | D:10     | 8433 ||| Stepping ~*~*~tactically~*~*~ (stealth).
  8456 | D:10     | 8456 ||| Stepping ~*~*~tactically~*~*~ (stealth).
  8459 | D:10     | 8459 ||| Stepping ~*~*~tactically~*~*~ (stealth).
  8459 | D:10     | Reached ** piety under Okawaru
  8471 | D:10     | Reached XP level 11. HP: 61/69 MP: 14/14
  8574 | D:10     | 8574 ||| Stepping ~*~*~tactically~*~*~ (hiding).
  8576 | D:10     | 8576 ||| Stepping ~*~*~tactically~*~*~ (hiding).
  8620 | D:10     | 8620 ||| DROPPING +0 flail.
  8630 | D:10     | 8630 ||| Stepping ~*~*~tactically~*~*~ (stealth).
  8632 | D:10     | 8632 ||| Stepping ~*~*~tactically~*~*~ (stealth).
  8635 | D:10     | 8635 ||| Stepping ~*~*~tactically~*~*~ (hiding).
  8639 | D:10     | 8639 ||| INVOKING Heroism.
  8728 | D:10     | 8728 ||| INVOKING Heroism.
  8956 | D:10     | 8956 ||| Stepping ~*~*~tactically~*~*~ (stealth).
  8959 | D:10     | Reached skill level 9 in Fighting
  8959 | D:10     | 8959 ||| FLEEEEING.
  8960 | D:10     | 8960 ||| FLEEEEING.
  8961 | D:10     | 8961 ||| FLEEEEING.
  8962 | D:10     | 8962 ||| FLEEEEING.
  8964 | D:10     | 8964 ||| FLEEEEING.
  8966 | D:10     | 8966 ||| FLEEEEING.
  8967 | D:10     | 8967 ||| FLEEEEING.
  8968 | D:10     | 8968 ||| FLEEEEING.
  9035 | D:10     | 9035 ||| INVOKING Heroism.
  9289 | D:11     | 9289 ||| INVOKING Heroism.
  9294 | D:11     | Noticed a cyan ugly thing
  9297 | D:11     | Noticed a two-headed ogre
  9303 | D:11     | HP: 17/71 [shadow (5)]
  9304 | D:11     | 9304 ||| READING 6 scrolls of teleportation.
  9308 | D:11     | HP: 7/71 [wraith (9)]
  9308 | D:11     | HP: 3/71 [cyan ugly thing (4)]
  9308 | D:11     | Slain by a cyan ugly thing

Levels and vault maps discovered:
D:1:      matt_arrival_spirals, layout_loops_ring, serial_shops,
          nicolae_shop_overgrown_old_shop, minmay_pentomino_w2
D:2:      layout_basic, hellmonk_ecumenical_altar_slurped_away,
          chequers_serial_rivers_small_b, minmay_gold_behind_fungi,
          minmay_between, uniq_jessica, uniq_terence
D:3:      layout_basic
D:4:      layout_loops_ring, chequers_serial_rivers_small_3,
          nicolae_shop_fire_sale [nicolae_sub_dead_trees],
          minmay_misc_feat_diagonals, amcnicky_mini_pool_small, uniq_sigmund
D:5:      gammafunk_cloud_chamber, layout_basic, nicolae_sif_muna_condensation,
          gammafunk_ghost_mausoleum, minmay_circle_x
D:6:      layout_basic, kennysheep_slug_shrine, uniq_blork_the_orc, uniq_duvessa
D:7:      layout_basic, yredelemnul_forgotten_temple_becter,
          minmay_temple_entry_glass
D:8:      layout_loops_ring, minitemple, serial_aquarium,
          aquarium_bridge_island_small [aquarium_subvault_small_water,
          aquarium_subvault_wall, aquarium_subvault_bridge,
          aquarium_subvault_bridge, aquarium_subvault_bridge],
          aquarium_window_1, aquarium_window_1, aquarium_view_2g,
          aquarium_view_2f, minmay_bent
D:9:      layout_gridville, serial_ice, serial_ice_d, serial_ice_a,
          serial_ice_c, serial_ice_e, amcnicky_mini_corridor_feature
D:10:     layout_loops_corners, enter_bailey_5, minmay_nine_imps
D:11:     minmay_the_grid_octo_tiled_octocenter_mashed
          [minmay_the_grid_octo_fan_narrow, minmay_the_grid_octo_77,
          minmay_the_grid_octo_checkered, minmay_the_grid_octo_chip,
          minmay_the_grid_octo_prize_big_c, minmay_the_grid_square_5x5_tie,
          minmay_the_grid_square_5x5_three_small,
          minmay_the_grid_square_5x5_eight_small,
          minmay_the_grid_square_5x5_inner_i], layout_irregular_city,
          dpeg_oklobed_lair
Temple:   eino_temple_scatter_basement

Skill      XL: |  1  2  3  4  5  6  7  8  9 10 11 |
---------------+----------------------------------+-----
Axes           | 2 3 4 5 6 7 9 11 | 11.3
Fighting       | 4 5 6 7 8 9 |  9.0
Dodging        | 1 |  1.1
Throwing       | 2 3 4 |  4.0
Shields        | 4 5 |  5.0
Armour         | 6 7 8 |  8.0
Invocations    | 4 |  4.2

Action                   |  1- 3 |  4- 6 |  7- 9 | 10-12 || total
-------------------------+-------+-------+-------+-------++-------
Melee: War axe           |    69 |   122 |   280 |   227 ||   698
       Kick              |       |     4 |    67 |    61 ||   132
       Bite              |       |       |    23 |    26 ||    49
Throw: Boomerang         |    20 |    52 |     7 |     6 ||    85
       Javelin           |       |       |    19 |    26 ||    45
Invok: Heroism           |       |       |       |    10 ||    10
  Use: Scroll            |     5 |    10 |     5 |     5 ||    25
       Potion            |     1 |     2 |     3 |     1 ||     7
Armor: Scale mail        |    32 |    49 |    60 |       ||   141
       Ring mail         |       |       |    66 |       ||    66
       Plate armour      |       |       |    40 |   124 ||   164
Dodge: Dodged            |    23 |    48 |    88 |    60 ||   219
Block: Buckler           |    12 |    18 |    42 |    48 ||   120

Table legend:
 A = Non-vault XP
 B = Vault XP
 C = Vault XP percentage of total XP
 D = Non-vault monster count
 E = Vault monster count
 F = Vault count percentage of total count
                 A         B        C        D         E       F
            +---------+---------+-------+---------+---------+-------
      Total |    9526 |    2801 |  22.7 |     218 |      47 |  17.7
            +---------+---------+-------+---------+---------+-------
        D:1 |      46 |       3 |   6.1 |      19 |       2 |   9.5
        D:2 |      36 |      82 |  69.5 |      16 |       6 |  27.3
        D:3 |      18 |       0 |   0.0 |       4 |       0 |   0.0
        D:4 |     383 |     226 |  37.1 |      22 |       1 |   4.3
        D:5 |     874 |     126 |  12.6 |      22 |       5 |  18.5
        D:6 |    1404 |     316 |  18.4 |      40 |       4 |   9.1
        D:7 |     532 |       1 |   0.2 |      21 |       1 |   4.5
        D:8 |     716 |     668 |  48.3 |      10 |       7 |  41.2
        D:9 |    2909 |     153 |   5.0 |      38 |       3 |   7.3
       D:10 |    2608 |     336 |  11.4 |      26 |      13 |  33.3
       D:11 |       0 |     890 | 100.0 |       0 |       5 | 100.0
            +---------+---------+-------+---------+---------+-------
